Map: New Gettysburg LE

Players

Fropez - Winner!

  • Race: Protoss Protoss
  • League: Gold
  • Spawn Location: 7:00

MasterQueso

  • Race: Protoss Protoss
  • League: Gold
  • Spawn Location: 5:00

VOD

Have the link to the VOD?

Description

Time

  • Played on: Nov. 7, 2016, 10:59 a.m.
  • Length: 10:05
Show
View Real Time Build Order
Export as new Build Order

Fropez Protoss - Winner!

Build Orders: 1 Gate Expand 

Get SALT Encoding   

  12  0:01  Probe (Chrono Boost)  
  13  0:11  Probe (Chrono Boost)  
  14  0:20  Pylon  
  14  0:22  Probe (Chrono Boost)  
  15  0:33  Assimilator  
  15  0:38  Probe (Chrono Boost)  
  16  0:44  Gateway  
  16  0:49  Probe (Chrono Boost)  
  17  0:59  Gateway  
  17  1:00  Probe (Chrono Boost)  
  18  1:07  Assimilator  
  18  1:11  Probe (Chrono Boost)  
  19  1:30  Probe (Chrono Boost)  
  20  1:42  Nexus  
  20  1:49  Pylon  
  20  1:52  Probe (Chrono Boost)  
  21  2:01  Cybernetics Core  
  21  2:05  Probe (Chrono Boost)  
  23  2:15  Probe (Chrono Boost)  
  23  2:37  Adept x2  
  23  2:39  Warp Gate (Chrono Boost)  
  23  2:41  Mothership Core (Chrono Boost)  
  29  2:45  Pylon  
  29  2:54  Probe (Chrono Boost)  
  30  2:59  Twilight Council, Probe (Chrono Boost)  
  31  3:06  Probe (Chrono Boost)  
  32  3:17  Probe (Chrono Boost)  
  32  3:18  Probe (Chrono Boost)  
  34  3:27  Probe (Chrono Boost)  
  35  3:37  Resonating Glaives  
  35  3:38  Robotics Facility  
  35  3:41  Stalker  
  37  3:49  Stalker  
  37  3:53  Probe  
  40  3:56  Probe  
  41  4:11  Probe  
  41  4:13  Probe  
  43  4:22  Probe  
  44  4:25  Warp Prism  
  46  4:38  Probe  
  46  4:40  Probe  
  46  4:43  Pylon  
  46  4:46  Assimilator  
  46  4:49  Probe  
  46  4:52  Probe  
  46  5:00  Probe  
  46  5:02  Observer  
  46  5:04  Probe  
  46  5:06  Gateway  
  49  5:07  Gateway  
  49  5:10  Gateway  
  49  5:14  Gateway  
  49  5:16  Gateway  
  45  5:53  Immortal  
  49  6:11  Pylon  
  49  6:12  Pylon  
  49  6:27  Adept x4  
  49  6:28  Adept x2  
  49  6:29  Adept  
  63  6:54  Stalker x6  
  67  6:55  Stalker  
  77  7:05  Forge  
  53  7:52  Stalker x3  
  53  7:53  Stalker x4  
  65  7:58  Probe  
  65  7:59  Probe  
  65  8:01  Pylon  
  65  8:04  Pylon  
  67  8:07  Protoss Ground Weapons Level 1 (Chrono Boost)  
  67  8:09  Probe  
  68  8:13  Immortal  
  68  8:17  Forge  
  72  8:24  Stalker  
  72  8:25  Stalker x6  
  72  8:54  Pylon  
  72  8:55  Pylon  
  72  8:57  Pylon, Probe  
  72  8:58  Pylon  
  73  9:03  Stalker x5  
  73  9:04  Stalker x2  
  87  9:36  Adept x4  
  87  9:37  Adept x3  
Show
View Real Time Build Order
Export as new Build Order

MasterQueso Protoss 

Build Orders: Oracle Opening 

Get SALT Encoding   

  12  0:01  Probe (Chrono Boost)  
  13  0:12  Probe (Chrono Boost)  
  14  0:20  Pylon  
  14  0:22  Probe (Chrono Boost)  
  15  0:39  Probe (Chrono Boost)  
  15  0:42  Gateway  
  16  0:49  Probe (Chrono Boost), Assimilator  
  17  0:54  Assimilator  
  17  1:00  Probe (Chrono Boost)  
  18  1:10  Probe (Chrono Boost)  
  19  1:21  Probe (Chrono Boost)  
  20  1:31  Cybernetics Core  
  20  1:36  Pylon  
  20  1:42  Probe (Chrono Boost)  
  20  1:45  Pylon  
  21  1:53  Probe (Chrono Boost)  
  22  1:58  Gateway  
  22  2:03  Probe (Chrono Boost)  
  22  2:06  Pylon  
  23  2:10  Warp Gate  
  23  2:14  Mothership Core (Chrono Boost)  
  27  2:15  Adept  
  27  2:33  Probe (Chrono Boost)  
  28  2:43  Probe (Chrono Boost)  
  29  2:49  Stargate  
  29  2:53  Adept  
  29  2:57  Pylon  
  31  3:04  Pylon  
  31  3:18  Nexus  
  31  3:28  Pylon  
  31  3:32  Adept  
  33  3:35  Oracle  
  33  3:40  Probe (Chrono Boost)  
  37  3:47  Assimilator  
  37  3:54  Probe (Chrono Boost)  
  38  3:59  Assimilator  
  38  4:04  Probe (Chrono Boost)  
  39  4:13  Pylon  
  39  4:15  Oracle  
  42  4:24  Stargate  
  42  4:28  Probe (Chrono Boost)  
  43  4:34  Probe (Chrono Boost)  
  44  4:39  Probe (Chrono Boost)  
  44  4:44  Probe (Chrono Boost)  
  46  4:49  Probe (Chrono Boost)  
  44  4:54  Oracle  
  47  5:05  Stargate  
  47  5:18  Gateway  
  47  5:22  Void Ray  
  51  5:32  Probe (Chrono Boost)  
  51  5:34  Probe (Chrono Boost)  
  51  5:45  Probe (Chrono Boost)  
  51  5:49  Probe (Chrono Boost)  
  50  5:55  Probe (Chrono Boost)  
  51  6:00  Probe (Chrono Boost)  
  51  6:03  Void Ray  
  56  6:06  Phoenix, Probe (Chrono Boost)  
  56  6:10  Probe (Chrono Boost)  
  60  6:16  Probe (Chrono Boost)  
  61  6:21  Probe (Chrono Boost)  
  61  6:22  Void Ray  
  66  6:27  Probe (Chrono Boost)  
  66  6:31  Zealot  
  66  6:32  Probe (Chrono Boost), Zealot  
  70  6:38  Probe (Chrono Boost)  
  67  6:42  Probe (Chrono Boost)  
  53  6:48  Probe (Chrono Boost)  
  53  6:53  Probe (Chrono Boost)  
  39  6:59  Probe (Chrono Boost)  
  36  7:03  Probe (Chrono Boost)  
  36  7:09  Probe (Chrono Boost)  
  36  7:14  Probe (Chrono Boost)  
  17  8:00  Probe (Chrono Boost)  
  19  8:05  Probe (Chrono Boost)  
  19  8:11  Probe (Chrono Boost)  
  16  8:43  Probe (Chrono Boost)  
  17  8:53  Probe (Chrono Boost)  
  19  9:02  Probe (Chrono Boost)  
  19  9:04  Probe (Chrono Boost)  
  20  9:13  Probe (Chrono Boost)  
  21  9:18  Probe (Chrono Boost)  
  21  9:24  Probe (Chrono Boost)  
  23  9:28  Probe (Chrono Boost)  
  24  9:35  Probe (Chrono Boost)  
  25  9:39  Probe (Chrono Boost)  
Tags
 
Add a new tag
Caveats
  • Supply blocks, unpowered buildings, or Contaminate may cause inaccurate times.
  • Supply counts are checked every 10 seconds.